 Dungeon Crawl Stone Soup version 0.25.1-2-g60ff931df9 (webtiles) character file.

Game seed: 3209674147295181677

191 selver the Stinger (level 5, -2/31 HPs)
             Began as an Octopode Venom Mage on Oct 27, 2020.
             Was an Initiate of Vehumet.
             Slain by an ogre
             ... wielding a +0 giant spiked club
              (32 damage)
             ... on level 4 of the Dungeon.
             The game lasted 00:08:45 (3605 turns).

selver the Stinger (Octopode Venom Mage)            Turns: 3605, Time: 00:08:45

Health: -2/31      AC:  1    Str:  8    XL:     5   Next: 70%
Magic:  3/8        EV: 13    Int: 17    God:    Vehumet [......]
Gold:   210        SH:  0    Dex: 13    Spells: 1/8 levels left

rFire    . . .     SeeInvis .   d - +0 dagger
rCold    . . .     Gourm    .   (no shield)
rNeg     + . .     Faith    .   (helmet restricted)
rPois    .         Spirit   .   f - amulet of regeneration
rElec    .         Reflect  .   n - ring of positive energy
rCorr    .         Harm     .   (no ring)
MR       .....                  (no ring)
Stlth    +++.......             (no ring)
HPRegen  0.50/turn              (no ring)
MPRegen  0.11/turn              (no ring)
                                (no ring)
                                (no ring)

@: lethally poisoned (-2 -> -3)
A: almost no armour, stealthy swim, amphibious, 8 rings, constrict 8, camouflage
1, gelatinous body 1
a: Renounce Religion


You were on level 4 of the Dungeon.
You worshipped Vehumet.
Vehumet was noncommittal.
You were hungry.

You visited 2 branches of the dungeon, and saw 5 of its levels.

You collected 210 gold pieces.

Inventory:

Hand Weapons
 d - a +0 dagger (weapon)
Jewellery
 f - an amulet of regeneration (around mantle)
 n - a ring of positive energy (left tentacle)
Wands
 l - a wand of flame (15)
Scrolls
 c - 4 scrolls of remove curse
 e - 2 scrolls of magic mapping {unknown}
 g - a scroll of random uselessness {unknown}
 j - 3 scrolls of teleportation {unknown}
 m - a scroll of enchant weapon {unknown}
 o - a scroll of identify
Potions
 a - 2 potions of curing
 h - a potion of ambrosia
 i - a potion of magic
Comestibles
 b - 9 rations


   Skills:
 - Level 2.0 Dodging
 - Level 2.6 Stealth
 + Level 2.1 Spellcasting
 - Level 1.0 Transmutations
 + Level 1.6 Air Magic
 * Level 6.9 Poison Magic


You had one spell level left.
You knew the following spells:

 Your Spells              Type           Power        Failure   Level  Hunger
a - Sting                 Tmut/Pois      ###.         3%          1    #......
b - Poisonous Vapours     Pois/Air       ###...       4%          2    ###....
c - Olgreb's Toxic Radia  Pois           ####....     11%         4    #####..

Your spell library contained the following spells:

 Spells                   Type           Power        Failure   Level  Hunger
 Mephitic Cloud           Conj/Pois/Air  ##......     17%         3    ###....
 Ignite Poison            Fire/Tmut/Pois ##......     19%         3    ###....


Dungeon Overview and Level Annotations

Branches:
Dungeon (4/15)             Temple (1/1) D:4

Altars:
Dithmenos
Fedhas
Gozag
Hepliaklqana
Kikubaaqudgha
Okawaru
Ru
Sif Muna
Uskayaw
Vehumet
Xom
Yredelemnul
The Shining One

Annotations:
D:4 Robin


Innate Abilities, Weirdness & Mutations

You cannot wear most types of armour.
You are very stealthy in the water. (Stealth+)
You are amphibious.
You can wear up to eight rings at the same time.
You can use your tentacles to constrict eight enemies at once.
Your skin changes colour to match your surroundings (Stealth+).
Your rubbery body absorbs attacks. (AC +1, EV +1)


Message History

Press: ? - help, Dir - move target cursor, f/p - ogre
Aim: an ogre, wielding a +0 giant spiked club (heavily wounded) Poisonous vapours surround the ogre!
You are feeling hungry.
The ogre is engulfed in poison gas.
The ogre is poisoned.
The ogre looks more healthy.
The adder bites you.
You are poisoned.
The adder poisons you!
You feel sick.
You feel sick.
Casting: Poisonous Vapours (safe; 4% risk of failure)
Confirm with . or Enter, or press ? or * to list all spells.
Aiming: Poisonous Vapours (safe; 4% risk of failure)
Press: ? - help, Dir - move target cursor, f/p - ogre
Aim: an ogre, wielding a +0 giant spiked club (severely wounded) Poisonous vapours surround the ogre!
The ogre is engulfed in poison gas.
The ogre is poisoned.
The ogre hits you with a +0 giant spiked club!!
Ouch! That really hurt!
You die...

##.#.#!#.#.#.#.#.#.#.####..
#..........>.............
##.#.#.#.#.#.#.#.#.#.#.#
#.....................#########
##.#.#.#.#.#.#.#.#.#.#.........
###.#.#######.....##...###..##
#.....# ####..##...####(##
#..S### ###...##....##.....
#...# #.@OS###....##..... #...#
#............##....≈
#...######...############..≈≈≈
#............. #.≈≈≈≈
#...####...### #.≈≈≈≈ #...#
......# #.≈≈≈≈ ##### ......#
...≈≈≈≈ .... .# .....≈≈≈ #
.......≈


You could see an ogre (poisoned) and an adder.

Vanquished Creatures
  Jessica (D:2)
  Natasha (thrice) (D:2)
  2 adders
  An ooze (D:3)
  2 worms (D:3)
  A dart slug (D:1)
  A leopard gecko (D:1)
  6 orcs (D:3)
  6 bats
  2 giant cockroaches
  11 goblins
  6 hobgoblins
  8 frilled lizards
  2 kobolds
  4 rats
56 creatures vanquished.

Notes
Turn   | Place    | Note
-------+----------+-------------------------------------------
     0 | D:1      | selver the Octopode Venom Mage began the quest for the Orb.
     0 | D:1      | Reached XP level 1. HP: 11/11 MP: 3/3
   270 | D:1      | Reached skill level 4 in Poison Magic
   396 | D:1      | Reached XP level 2. HP: 17/17 MP: 5/5
   403 | D:1      | Learned a level 2 spell: Poisonous Vapours
   846 | D:1      | You fall into a shaft and drop 1 floor!
   868 | D:2      | Noticed Jessica
   872 | D:2      | Killed Jessica
   872 | D:2      | Reached skill level 5 in Poison Magic
   872 | D:2      | Reached XP level 3. HP: 21/21 MP: 6/6
   875 | D:2      | Noticed Natasha
   889 | D:2      | Killed Natasha
   889 | D:2      | Reached XP level 4. HP: 17/27 MP: 3/7
  1221 | D:1      | Reached skill level 6 in Poison Magic
  1412 | D:2      | Noticed Natasha
  1416 | D:2      | Killed Natasha
  1697 | D:2      | Found a faded altar of an unknown god.
  1921 | D:2      | Reached skill level 1 in Air Magic
  1981 | D:2      | Noticed Natasha
  1986 | D:2      | Killed Natasha
  1986 | D:2      | Reached XP level 5. HP: 24/31 MP: 3/8
  3485 | D:4      | Found a staircase to the Ecumenical Temple.
  3494 | Temple   | Entered the Ecumenical Temple
  3504 | Temple   | Became a worshipper of Vehumet
  3555 | D:4      | Noticed Robin
  3573 | D:4      | Learned a level 4 spell: Olgreb's Toxic Radiance
  3576 | D:4      | Noticed an ogre
  3605 | D:4      | Slain by an ogre

Illustrated notes

Levels and vault maps discovered:
D:1:      dpeg_arrival_leaves_temple_mockup, layout_loops_corners,
          corexii_hall_statues_i
D:2:      layout_loops_ring, chequers_ecumenical_altar_island, first_ration,
          uniq_natasha, uniq_jessica
D:3:      layout_rooms, serial_co_window_serial, co_window_corner_a,
          co_window_paths_b, co_window_paths_b, co_window_corner_a,
          co_window_paths_a, co_window_cross_2, co_window_cross_4,
          co_window_unsneaky_path_a
D:4:      layout_rooms, minitemple, temple_pool_b, st_stairs_13, uniq_robin
Temple:   nicolae_temple_x_marks_the_god

Skill      XL: |  1  2  3  4 |
---------------+-------------+-----
Poison Magic   | 4 5 6 |  6.9
Air Magic      | 1 |  1.6
Dodging        | |  2.0
Stealth        | |  2.6
Spellcasting   | |  2.1
Transmutations | |  1.0

Action                   |  1- 3 |  4- 6 || total
-------------------------+-------+-------++-------
Melee: Dagger            |    31 |    78 ||   109
       Constrict         |     9 |    21 ||    30
       Tentacles         |     8 |    10 ||    18
       Unarmed           |     4 |       ||     4
 Cast: Sting             |     4 |     2 ||     6
       Poisonous Vapours |     1 |    29 ||    30
  Use: Scroll            |       |     5 ||     5
 Stab: Sleeping          |     4 |     6 ||    10
  Eat: Chunk             |       |    10 ||    10
Armor: Skin              |     3 |     6 ||     9
Dodge: Dodged            |    26 |    60 ||    86
